 Dungeon Crawl Stone Soup version 0.30.0-19-g36f170ea60 (webtiles) character file.

Game seed: 10905989982399337929

34 Graphine the Ducker (level 3, -8/30 HPs)
             Began as a Merfolk Monk on May 28, 2023.
             Killed from afar by Natasha (12 damage)
             ... with a puff of flame
             ... on level 2 of the Dungeon.
             The game lasted 00:01:25 (955 turns).

Graphine the Ducker (Merfolk Monk)                   Turns: 955, Time: 00:01:25

Health: -8/30      AC:  2    Str: 11    XL:     3   Next: 31%
Magic:  3/3        EV: 11    Int:  9    God:
Gold:   43         SH:  0    Dex: 18    Spells: 2/2 levels left

rFire   . . .        a - +0 falchion
rCold   . . .        d - orb {light}
rNeg    . . .        b - +0 robe
rPois   .            (no helmet)
rElec   .            (no cloak)
rCorr   .            (no gloves)
SInv    .            (no boots)
Will    .....        (no amulet)
Stlth   +            (no ring)
HPRegen 0.25/turn    (no ring)
MPRegen 0.08/turn

%: no passive effects
@: slowed, glowing, constricted, very slow
A: (nimble swimmer 2), mertail
a: no special abilities


You were on level 2 of the Dungeon.
You visited 1 branch of the dungeon, and saw 2 of its levels.

You collected 43 gold pieces.

Inventory:

Hand Weapons
 a - a +0 falchion (weapon)
Armour
 b - a +0 robe (worn)
 d - an orb of light (worn)
Scrolls
 e - a scroll of vulnerability {unknown}
Potions
 c - a potion of ambrosia
 f - 3 potions of attraction {unknown}
 g - a potion of heal wounds {unknown}
 h - 2 potions of resistance {unknown}


   Skills:
 + Level 3.8 Fighting
 + Level 4.2 Long Blades
 + Level 4.6 Dodging


You had 2 spell levels left.
You didn't know any spells.
Your spell library was empty.

Dungeon Overview and Level Annotations

Branches:
Dungeon (2/15)

Altars:

Annotations:
D:2 Natasha


Innate Abilities, Weirdness & Mutations

((You are very nimble when in or above water. (Stealth+, EV+, Speed+++)))
Your lower body shifts to a powerful aquatic tail in water.


Message History

Found an emerald potion.
Found a stone staircase leading up.
The ball python bites you but does no damage.
The ball python misses you.
Natasha casts a spell.
You barely miss the ball python. The ball python misses you.
The ball python barely misses you. x2; The ball python grabs you.
The ball python constricts you.
Natasha zaps a wand.
The puff of flame misses you.
You hit the ball python.
The ball python is moderately wounded.
The ball python bites you. The ball python constricts you.
The cerulean imp hits you but does no damage.
Natasha extends her claws.
Natasha casts a spell at you. The magic dart hits you.
The ball python bites you. The ball python constricts you.
You are too injured to fight recklessly!
You are too injured to fight recklessly!
Hit: a) +0 falchion
Press: ? - help, Dir - move target, f - Natasha
Aim: Natasha, carrying a wand of flame (17) (haloed, about 26% to evade your +0 falchion)
You hit Natasha.
Natasha is lightly wounded.
The cerulean imp misses you. Natasha misses you.
The ball python closely misses you. The ball python constricts you.
The cerulean imp hits you from afar with a +0 spear.
Natasha barely misses you. The ball python bites you.
The ball python constricts you.
Hit: a) +0 falchion
Press: ? - help, Dir - move target, f/p - Natasha
Aim: Natasha, carrying a wand of flame (17) (lightly wounded, haloed, about 26% to evade your +0 falchion)
You hit Natasha.
Natasha is lightly wounded.
The ball python closely misses you. The ball python constricts you.
The cerulean imp hits you from afar with a +0 spear.
Natasha zaps a wand.
The puff of flame hits you!
* * * LOW HITPOINT WARNING * * *
The ball python closely misses you. The ball python constricts you.
The cerulean imp misses you.
Natasha zaps a wand.
The puff of flame hits you!
You die...

####...########.......#
##.....................#
.....<.....###.#.......#
.#.........# #.#.......#
..###...#### #.#.......#
........# #.######.##
..###...# #.# .# ###.#
#.# # #.# #@# #.#
#Sh.....< ##.# #5######.
#..# ... #.## ... #)#
..... #.# ..... #.#
#....!. #.#


You could see Natasha, a cerulean imp (summoned) and a ball python.

Vanquished Creatures
  4 dart slugs (D:1)
  An endoplasm (D:1)
  2 giant cockroaches (D:1)
  3 goblins (D:1)
  3 hobgoblins
  5 ball pythons
  3 bats
  3 frilled lizards (D:1)
  3 kobolds
27 creatures vanquished.

Notes
Turn   | Place    | Note
-------+----------+-------------------------------------------
     0 | D:1      | Graphine the Merfolk Monk began the quest for the Orb.
     0 | D:1      | Reached XP level 1. HP: 18/18 MP: 1/1
   168 | D:1      | Reached XP level 2. HP: 24/24 MP: 2/2
   447 | D:1      | Reached XP level 3. HP: 30/30 MP: 3/3
   948 | D:2      | Noticed Natasha
   955 | D:2      | Killed from afar by Natasha

Illustrated notes

Levels and vault maps discovered:
D:1:      giann_bridges, layout_loops_ring
D:2:      layout_loops_ring, serial_bayou_pond_a, uniq_natasha

Skill      XL: |  1  2 |
---------------+-------+-----
Long Blades    | 4 |  4.2
Fighting       | |  3.8
Dodging        | |  4.6

Action                     || total
---------------------------++-------
  Melee: Falchion          ||    68
 Armour: Robe              ||    14
  Dodge: Dodged            ||    58
